 Dungeon Crawl Stone Soup version 0.29-a0-1033-gb6c65ffae6 (webtiles) character file.

Game seed: 2292684534670009871

44 siradein the Shooter (level 3, -1/29 HPs)
             Began as a Draconian Hunter on Aug 15, 2022.
             Killed by nerve-wracking pain
             ... invoked by Grinder
              (3 damage)
             ... on level 3 of the Dungeon.
             The game lasted 00:01:57 (1325 turns).

siradein the Shooter (Draconian Hunter)             Turns: 1325, Time: 00:01:58

Health: -1/29      AC:  5    Str: 13    XL:     3   Next: 39%
Magic:  3/3        EV: 12    Int:  9    God:
Gold:   136        SH:  0    Dex: 16    Spells: 2/2 levels left

rFire   . . .      SeeInvis .   a - +0 shortbow
rCold   . . .      Faith    .   (shield currently unavailable)
rNeg    . . .      Spirit   .   (body armour unavailable)
rPois   .          Reflect  .   (helmet restricted)
rElec   .          Harm     .   (no cloak)
rCorr   .          Rampage  .   (no gloves)
Will    .....                   (no boots)
Stlth   ++........              (no amulet)
HPRegen 0.09/turn               (no ring)
MPRegen 0.08/turn               (no ring)

@: no status effects
A: AC +5, unfitting armour, cold-blooded
a: no special abilities


You were on level 3 of the Dungeon.
You visited 1 branch of the dungeon, and saw 3 of its levels.

You collected 136 gold pieces.

Inventory:

Hand Weapons
 a - a +0 shortbow (weapon)
Scrolls
 b - 2 scrolls of immolation
 c - 2 scrolls of identify {unknown}
 d - a scroll of teleportation {unknown}
 e - a scroll of fog {unknown}
 f - a scroll of magic mapping {unknown}
 g - 2 scrolls of amnesia {unknown}
 i - a scroll of vulnerability {unknown}
 k - a scroll of acquirement {unknown}
 l - a scroll of torment {unknown}
Potions
 j - a potion of might {unknown}


   Skills:
 - Level 2.3 Fighting
 + Level 4.6 Ranged Weapons
 - Level 1.8 Dodging
 - Level 1.0 Stealth


You had 2 spell levels left.
You didn't know any spells.
Your spell library was empty.

Dungeon Overview and Level Annotations

Branches:
Dungeon (3/15)

Altars:

Annotations:
D:3 Grinder


Innate Abilities, Weirdness & Mutations

Your plain brown scales are hard. (AC +5)
You cannot fit into any form of body armour.
You are cold-blooded and may be slowed by cold attacks.


Message History

You shoot an arrow. The arrow closely misses Grinder.
Grinder gestures at you. You resist with significant effort.
You shoot an arrow. The arrow closely misses Grinder.
You hear a shout!
Grinder hits you!
You writhe in agony.
* * * LOW HITPOINT WARNING * * *
You are too injured to fight recklessly!
You are too injured to fight recklessly!
Fire: a) +0 shortbow
Press: ? - help, Q - select action Shift-Dir - straight line, f/p - Grinder
Aim: Grinder (moderately wounded, 60% to hit)
You shoot an arrow. The arrow completely misses Grinder.
Grinder closely misses you.
Unknown command.
Fire: a) +0 shortbow
Press: ? - help, Q - select action Shift-Dir - straight line, f/p - Grinder
Aim: Grinder (moderately wounded, 60% to hit)
You shoot an arrow.
The arrow hits Grinder but does no damage.
Grinder is moderately wounded.
Grinder hits you.
* * * LOW HITPOINT WARNING * * *
You writhe in agony.
* * * LOW HITPOINT WARNING * * *
Grinder misses you.
Fire: a) +0 shortbow
Press: ? - help, Q - select action Shift-Dir - straight line, f/p - Grinder
Aim: Grinder (moderately wounded, 60% to hit)
You shoot an arrow. The arrow closely misses Grinder.
You hear a shout!
Grinder hits you but does no damage.
Fire: a) +0 shortbow
Press: ? - help, Q - select action Shift-Dir - straight line, f/p - Grinder
Aim: Grinder (moderately wounded, 60% to hit)
You shoot an arrow. The arrow hits Grinder.
Grinder is heavily wounded.
Grinder gestures at you. Pain shoots through your body!
You die...

. ..o #.#..
##.#.. .....
.... #.. #
###.o####..###
#....5@.......
....#..####..###
. ..... # #.##..
.. ... . ....
..... ..##.#


You could see Grinder and an orc.

Vanquished Creatures
  An adder (D:2)
  A worm (D:2)
  5 endoplasms
  A giant cockroach (D:3)
  4 goblins (D:1)
  2 hobgoblins
  2 kobolds (D:2)
  A quokka (D:1)
  6 ball pythons
  5 bats
  A frilled lizard (D:1)
  2 rats (D:1)
31 creatures vanquished.

Notes
Turn   | Place    | Note
-------+----------+-------------------------------------------
     0 | D:1      | siradein the Draconian Hunter began the quest for the Orb.
     0 | D:1      | Reached XP level 1. HP: 17/17 MP: 1/1
    18 | D:1      | Found a faded altar of an unknown god.
    91 | D:1      | Reached skill level 1 in Stealth
   214 | D:1      | Reached XP level 2. HP: 24/24 MP: 2/2
   246 | D:1      | Reached skill level 4 in Ranged Weapons
   570 | D:2      | Reached XP level 3. HP: 29/29 MP: 3/3
  1088 | D:3      | Noticed Grinder
  1325 | D:3      | Killed from afar by Grinder

Illustrated notes

Levels and vault maps discovered:
D:1:      minmay_arrival_diagonal_passages, layout_rooms,
          shapermc_ecumenical_altar_mp_highgroup
D:2:      layout_rooms
D:3:      layout_loops_ring, tso_altar, serial_shops,
          nicolae_shop_advertising_works [nicolae_subvault_shop_adworks],
          uniq_grinder

Skill      XL: |  1  2 |
---------------+-------+-----
Stealth        | 1 |  1.0
Ranged Weapons | 4 |  4.6
Fighting       | |  2.3
Dodging        | |  1.8

Action                   || total
-------------------------++-------
 Fire: Shortbow          ||   110
  Use: Potion            ||     1
Armor: Skin              ||    17
Dodge: Dodged            ||    35

Table legend: (Time is in decaauts)
 A = Elapsed time spent in this place.
 B = Non-inter-level travel time spent in this place.
 C = Inter-level travel time spent in this place.
 D = Time resting spent in this place.
 E = Time spent auto-exploring this place.
 F = Levels seen in this place.
 G = Mean time per level.
                   A        B        C        D        E       F      G
               +--------+--------+--------+--------+--------+-----+--------+
         Total |   1356 |   1304 |     52 |      0 |   1094 |   3 |  452.0 |
       Dungeon |   1356 |   1304 |     52 |      0 |   1094 |   3 |  452.0 |
               +--------+--------+--------+--------+--------+-----+--------+

Top non-repeatable levels by time:
     D:2: 897 daAuts
     D:1: 425 daAuts
     D:3: 34 daAuts
